 Dungeon Crawl Stone Soup version 0.27-a0-46-g34d46f0a3f (webtiles) character file.

Game seed: 5333873401047583352

48 lunkers the Vandal (level 4, -5/30 HPs)
             Began as a Halfling Hunter on Jan 6, 2021.
             Slain by a sky beast (6 damage)
             ... on level 1 of the Dungeon.
             The game lasted 00:01:24 (892 turns).

lunkers the Vandal (Halfling Hunter)                 Turns: 892, Time: 00:01:24

Health: -5/30      AC:  3    Str: 14    XL:     4   Next: 0%
Magic:  4/4        EV: 14    Int:  9    God:
Gold:   51         SH:  0    Dex: 14    Spells: 3/3 levels left

rFire    . . .     SeeInvis .   a - +1 hunting sling
rCold    . . .     Faith    .   (shield restricted)
rNeg     . . .     Spirit   .   c - +0 leather armour
rPois    .         Reflect  .   (no helmet)
rElec    .         Harm     .   (no cloak)
rCorr    .         Rampage  .   (no gloves)
Will     .....                  (no boots)
Stlth    +.........             (no amulet)
HPRegen  0.10/turn              (no ring)
MPRegen  0.09/turn              (no ring)

@: no status effects
A: small, mutation resistance 1
a: no special abilities


You were on level 1 of the Dungeon.
You visited 1 branch of the dungeon, and saw 2 of its levels.

You collected 51 gold pieces.

Inventory:

Hand Weapons
 a - a +1 hunting sling (weapon)
 b - a +0 short sword
Missiles
 d - 39 sling bullets
 e - 49 stones (quivered ammo)
Armour
 c - a +0 leather armour (worn)
Scrolls
 f - a scroll of enchant armour {unknown}
 g - a scroll of amnesia {unknown}
 h - a scroll of enchant weapon {unknown}
 i - a scroll of identify {unknown}
 j - a scroll of blinking {unknown}


   Skills:
 + Level 2.7 Fighting
 + Level 6.9 Slings
 - Level 2.1 Dodging
 - Level 1.1 Stealth


You had 3 spell levels left.
You didn't know any spells.
Your spell library was empty.

Dungeon Overview and Level Annotations

Branches:
Dungeon (2/15)

Altars:


Innate Abilities, Weirdness & Mutations

You are small and have problems with some larger weapons.
You are somewhat resistant to further mutation.


Message History

Something shocks you.
* * * LOW HITPOINT WARNING * * *
Fire: 50 stones
Press: ? - help, Q - select action, (/) - cycle Shift-Dir - straight line You shoot a stone.
Something hits you.
* * * LOW HITPOINT WARNING * * *
Something shocks you.
* * * LOW HITPOINT WARNING * * *
There is a stone staircase leading up here.
Something hits you but does no damage.
You climb upwards.
Reactivating autopickup.
There is a stone staircase leading down here.
Deactivating autopickup; reactivate with Ctrl-A.
You clumsily bash something but do no damage.
Something hits you.
* * * LOW HITPOINT WARNING * * *
Something shocks you.
You die...

##.#####.#..
#.#...#.###
#.#.....#..
#.#....##..
###.#.....#..
#.......#.#..
#.♣#♣.♣.♣.#<.
######.#.....#.#..
#@.....♣.....♣.#..
#......#...).#.#..
#......♣.....♣.#..
#......#.÷....####
#......♣.♣#♣#♣.###
#........###......
#............#####
#......##..#######
##................


There were no monsters in sight!

Vanquished Creatures
  4 dart slugs (D:1)
  A leopard gecko (D:2)
  A ball python (D:1)
  6 bats (D:1)
  A giant cockroach (D:1)
  7 goblins
  3 hobgoblins (D:1)
  3 jackals (D:1)
  2 frilled lizards (D:1)
  4 kobolds (D:1)
  4 rats (D:1)
36 creatures vanquished.

Vanquished Creatures (others)
  2 plants (D:1)
2 creatures vanquished.

Grand Total: 38 creatures vanquished

Notes
Turn   | Place    | Note
-------+----------+-------------------------------------------
     0 | D:1      | lunkers the Halfling Hunter began the quest for the Orb.
     0 | D:1      | Reached XP level 1. HP: 14/14 MP: 1/1
    32 | D:1      | Reached skill level 6 in Slings
    38 | D:1      | Reached XP level 2. HP: 19/19 MP: 2/2
   201 | D:1      | Reached XP level 3. HP: 25/25 MP: 3/3
   865 | D:2      | Noticed a sky beast
   871 | D:2      | Reached XP level 4. HP: 30/30 MP: 4/4
   892 | D:1      | HP: 1/30 [something (1)]
   892 | D:1      | Slain by a sky beast

Illustrated notes

Levels and vault maps discovered:
D:1:      shiori_arrival_oz, layout_rooms, serial_forest,
          infiniplex_forest_clump_large, infiniplex_forest_clump_small,
          infiniplex_forest_straight_2, infiniplex_forest_lined_4_way,
          infiniplex_forest_lined_room_2, infiniplex_forest_clump_tiny,
          infiniplex_forest_end_3, infiniplex_forest_lined_room_2,
          infiniplex_forest_fountain, minmay_misc_feat_four_crosses
D:2:      layout_basic, pdpol_temple_overflow_zin_treasury_gozag_greed,
          chequers_temple_overflow_statue_of_worship

Skill      XL: |  1 |
---------------+----+-----
Slings         | 6 |  6.9
Fighting       | 2 |  2.7
Dodging        | |  2.1
Stealth        | |  1.1

Action                   |  1- 3 |  4- 6 || total
-------------------------+-------+-------++-------
Melee: Hunting sling     |       |     1 ||     1
 Fire: Hunting sling     |    79 |     4 ||    83
Armor: Leather armour    |     1 |     2 ||     3
Dodge: Dodged            |    10 |       ||    10

Table legend: (Time is in decaauts)
 A = Elapsed time spent in this place.
 B = Non-inter-level travel time spent in this place.
 C = Inter-level travel time spent in this place.
 D = Time resting spent in this place.
 E = Time spent auto-exploring this place.
 F = Levels seen in this place.
 G = Mean time per level.
                   A        B        C        D        E       F      G
               +--------+--------+--------+--------+--------+-----+--------+
         Total |    881 |    857 |     24 |      0 |    690 |   2 |  440.5 |
       Dungeon |    881 |    857 |     24 |      0 |    690 |   2 |  440.5 |
               +--------+--------+--------+--------+--------+-----+--------+

Top non-repeatable levels by time:
     D:1: 828 daAuts
     D:2: 53 daAuts
